 Dungeon Crawl Stone Soup version 0.30-a0-242-g7bf8e6d787 (webtiles) character file.

Game seed: 13672752084196842914

15 vineage the Trooper (level 2, 0/20 HPs)
             Began as a Gargoyle Fighter on Oct 11, 2022.
             Slain by a hobgoblin (3 damage)
             ... led by Robin
             ... on level 1 of the Dungeon.
             The game lasted 00:00:39 (452 turns).

vineage the Trooper (Gargoyle Fighter)               Turns: 452, Time: 00:00:39

Health: 0/20       AC:  9    Str: 19    XL:     2   Next: 50%
Magic:  2/2        EV:  9    Int:  8    God:
Gold:   50         SH:  4    Dex:  9    Spells: 1/1 levels left

rFire   . . .      SeeInvis .    a - +0 flail
rCold   . . .      Faith    .    c - +0 buckler
rNeg    + . .      Spirit   .    b - +0 scale mail
rPois   ∞          Reflect  .    (no helmet)
rElec   +          Harm     .    (no cloak)
rCorr   .          Rampage  .    (no gloves)
Will    +....                    (no boots)
Stlth   ..........               (no amulet)
HPRegen 0.23/turn                g - ring of willpower
MPRegen 0.08/turn                j - ring of flight

@: flying
A: sickness immunity, AC +2, negative energy resistance 1, electricity
resistance, torment resistance 1, petrification resistance
a: no special abilities


You were on level 1 of the Dungeon.
You visited 1 branch of the dungeon, and saw 2 of its levels.

You collected 50 gold pieces.

Inventory:

Hand Weapons
 a - a +0 flail (weapon)
Armour
 b - a +0 scale mail (worn)
 c - a +0 buckler (worn)
Jewellery
 g - a ring of willpower (left hand)
 j - a ring of flight (right hand)
Potions
 d - a potion of might
 e - a potion of degeneration {unknown}
 h - a potion of curing {unknown}


   Skills:
 * Level 3.6 Fighting
 + Level 2.2 Maces & Flails
 + Level 3.5 Armour
 + Level 3.4 Shields


You had one spell level left.
You didn't know any spells.
Your spell library contained the following spells:

 Spells                   Type           Power      Damage    Failure   Level
 Apportation              Tloc           0%         N/A       86%         1
 Necrotise                Necr           0%         1d4       86%         1
 Summon Small Mammal      Summ           0%         N/A       86%         1
 Scorch                   Fire           0%         2d5       94%         2
 Flame Wave               Conj/Fire      0%         2d4       100%        4
 Summon Cactus Giant      Summ           0%         N/A       100%        6


Dungeon Overview and Level Annotations

Branches:
Dungeon (2/15)

Altars:

Annotations:
D:1 Robin


Innate Abilities, Weirdness & Mutations

You are immune to sickness and miasma.
Your stone body is resilient. (AC +2)
You are immune to poison.
You resist negative energy. (rN+)
You are resistant to electric shocks. (rElec)
You are resistant to unholy torment.
You are immune to petrification.


Message History

The hobgoblin closely misses you. Robin barely misses you.
The goblin barely misses you.
You hit Robin.
Robin is almost dead.
The hobgoblin barely misses you. You block Robin's attack.
The goblin hits you but does no damage. The hobgoblin hits you.
Robin hits you with a +0 dagger. The goblin barely misses you.
You are too injured to fight recklessly!
You are too injured to fight recklessly!
You are too injured to fight recklessly!
You are too injured to fight recklessly!
You are too injured to fight recklessly!
You are too injured to fight recklessly!
You are too injured to fight recklessly!
You are too injured to fight recklessly!
You are too injured to fight recklessly!
You are too injured to fight recklessly!
You are too injured to fight recklessly!
You are too injured to fight recklessly!
You are too injured to fight recklessly!
You are too injured to fight recklessly!
You are too injured to fight recklessly!
You hit Robin but do no damage.
Robin is almost dead.
The hobgoblin closely misses you. Robin hits you but does no damage.
The goblin hits you with a +0 dagger.
You hit Robin.
Robin is almost dead.
The hobgoblin barely misses you. Robin hits you with a +0 dagger.
The goblin hits you but does no damage.
You barely miss Robin.
Robin is almost dead.
The hobgoblin hits you but does no damage.
You block Robin's attack. The goblin hits you but does no damage.
The hobgoblin hits you but does no damage.
Robin hits you but does no damage. The goblin hits you with a +0 dagger.
* * * LOW HITPOINT WARNING * * *
Robin attacks as you move away! Robin hits you but does no damage.
The hobgoblin hits you.
You die...

###### #....# ####....#
#.......# #.##....# ####.##....#
## ############ #..........# ##.
#..........####g(g......######..
#..#######.....@>.....).........
##.# #####..g...............
#.###########.............##...
#.#.......#..................##
#.#.......#.##...........######
#.#.......#.##............# #
#.........#.##..........#.#####
##..........##.................
#...........#...#........####.


You could see Robin, a hobgoblin (strong) and a goblin (strong).

Vanquished Creatures
  4 bats (D:1)
  An endoplasm (D:1)
  2 goblins (D:1)
  3 hobgoblins (D:1)
  A jackal (D:1)
  A quokka (D:1)
  A ball python (D:1)
13 creatures vanquished.

Notes
Turn   | Place    | Note
-------+----------+-------------------------------------------
     0 | D:1      | vineage the Gargoyle Fighter began the quest for the Orb.
     0 | D:1      | Reached XP level 1. HP: 14/14 MP: 1/1
   230 | D:1      | Reached XP level 2. HP: 16/19 MP: 2/2
   440 | D:2      | Noticed Robin
   452 | D:1      | Slain by a hobgoblin

Illustrated notes

Levels and vault maps discovered:
D:1:      minmay_arrival_five_plusses, layout_rooms, minmay_surrounded
D:2:      layout_loops_cross, hellmonk_ecumenical_altar_arch_garden,
          minmay_misc_feat_rows, uniq_sigmund, uniq_robin, uniq_jessica

Action                   || total
-------------------------++-------
Melee: Flail             ||    47
  Use: Scroll            ||     3
Armor: Scale mail        ||    39
Dodge: Dodged            ||    29
Block: Buckler           ||    17

Table legend: (Time is in decaauts)
 A = Elapsed time spent in this place.
 B = Non-inter-level travel time spent in this place.
 C = Inter-level travel time spent in this place.
 D = Time resting spent in this place.
 E = Time spent auto-exploring this place.
 F = Levels seen in this place.
 G = Mean time per level.
                   A        B        C        D        E       F      G
               +--------+--------+--------+--------+--------+-----+--------+
         Total |    467 |    463 |      4 |      0 |    347 |   2 |  233.5 |
       Dungeon |    467 |    463 |      4 |      0 |    347 |   2 |  233.5 |
               +--------+--------+--------+--------+--------+-----+--------+

Top non-repeatable levels by time:
     D:1: 465 daAuts
     D:2: 1 daAuts
